 Dungeon Crawl Stone Soup version 0.25.1-1-g288607f5aa (webtiles) character file.

Game seed: 7289792426973785918

3165 Mrkan the Cleaver (level 9, -2/62 HPs)
             Began as a Minotaur Gladiator on July 28, 2020.
             Was a Follower of Hepliaklqana.
             Slain by a killer bee (6 damage)
             ... on level 7 of the Dungeon.
             The game lasted 00:09:39 (5732 turns).

Mrkan the Cleaver (Minotaur Gladiator)              Turns: 5732, Time: 00:09:40

Health: -2/62      AC: 11    Str: 19    XL:     9   Next: 63%
Magic:  8/8        EV:  5    Int:  8    God:    Hepliaklqana [*.....]
Gold:   267        SH: 11    Dex: 12    Spells: 8/8 levels left

rFire    . . .     SeeInvis .   a - +0 war axe
rCold    . . .     Gourm    .   e - +0 kite shield
rNeg     . . .     Faith    .   l - +0 plate armour
rPois    .         Spirit   .   c - +0 hat
rElec    .         Reflect  .   w - +0 cloak
rCorr    .         Harm     .   (no gloves)
MR       .....                  (no boots)
Stlth    ..........             (no amulet)
HPRegen  0.20/turn              (no ring)
MPRegen  0.11/turn              (no ring)

@: lethally poisoned (-2 -> -4), flying (expiring)
A: retaliatory headbutt, reduced essence, horns 2
a: Recall Ancestor, Ancestor Identity, Renounce Religion


You were on level 7 of the Dungeon.
You worshipped Hepliaklqana.
Hepliaklqana was aware of your devotion.
You were hungry.

You visited 1 branch of the dungeon, and saw 7 of its levels.

You collected 267 gold pieces.

Inventory:

Hand Weapons
 a - a +0 war axe (weapon)
Missiles
 d - 3 throwing nets (quivered)
 x - 22 poisoned darts
Armour
 c - a +0 hat (worn)
 e - a +0 kite shield (worn)
 l - a +0 plate armour (worn)
 w - a +0 cloak (worn)
Jewellery
 i - an uncursed ring of poison resistance {unknown}
Wands
 r - a wand of polymorph (8)
 y - a wand of paralysis (4)
Scrolls
 b - a scroll of fear {unknown}
 j - 7 scrolls of identify {unknown}
 o - a scroll of fog {unknown}
 p - a scroll of magic mapping {unknown}
 q - a scroll of enchant weapon {unknown}
 s - 2 scrolls of teleportation {unknown}
 A - a scroll of remove curse {unknown}
Potions
 g - a potion of degeneration {unknown}
 h - a potion of magic {unknown}
 k - a potion of cancellation {unknown}
 m - 2 potions of curing
 n - a potion of stabbing {unknown}
 u - a potion of flight
 z - a potion of berserk rage {unknown}
Comestibles
 f - 13 rations


   Skills:
 - Level 3.0 Fighting
 * Level 13.1 Axes
 - Level 2.0 Throwing
 - Level 1.2 Armour
 - Level 3.5 Dodging
 - Level 9.0 Shields


You had 8 spell levels left.
You didn't know any spells.
Your spell library contained the following spells:

 Spells                   Type           Power        Failure   Level  Hunger
 Beastly Appendage        Tmut           #.....       100%        1    ##.....
 Sandblast                Erth           #.....       100%        1    ##.....
 Passwall                 Tmut/Erth      #.......     100%        2    ###....
 Sticks to Snakes         Tmut           #.......     100%        2    ###....
 Spider Form              Tmut/Pois      #.........   100%        3    ####...
 Stone Arrow              Conj/Erth      #.....       100%        3    ####...
 Ice Form                 Ice/Tmut       #.......     100%        4    #####..
 Petrify                  Tmut/Erth      #.......     100%        4    #####..
 Blade Hands              Tmut           #.........   100%        5    ######.
 Lee's Rapid Deconstruct  Erth           #.........   100%        5    ######.


Dungeon Overview and Level Annotations

Branches:
Dungeon (7/15)             Temple (0/1) D:5

Altars:
Elyvilon
Fedhas
Hepliaklqana
Makhleb
Qazlal
Sif Muna
Wu Jian
Zin
The Shining One


Innate Abilities, Weirdness & Mutations

You reflexively headbutt those who attack you in melee.
You have a pair of horns on your head.
Your life essence is reduced to manifest your ancestor. (-10% HP)


Message History

You feel sick. You block the killer bee's attack.
You block the orc wizard's attack.
Illuratum barely misses the orc wizard.
The killer bee stings you.
* * * LOW HITPOINT WARNING * * *
You hit the orc wizard.
The orc wizard is severely wounded.
You closely miss the killer bee. The killer bee completely misses you.
You furiously retaliate!
You headbutt the killer bee.
The orc wizard hits you with a +0 dagger.
* * * LOW HITPOINT WARNING * * *
Illuratum hits the orc wizard.
You block the killer bee's attack.
A giant cockroach comes into view.
You feel sick.
The howler monkey hoots and howls with incredible vigour!
The orc wizard hits you with a +0 dagger.
* * * LOW HITPOINT WARNING * * *
Illuratum hits the orc wizard.
The orc wizard dies!
The killer bee stings you.
You die...

##.. . ###...# ..
#.....# #.o
.######..$..## .
#...
y.y..##).....#>.
.....
o.....<........
....Zo###s.......#
....oJh(y)R..(...#
.########@.......#
#.<......#
##########


You could see the friendly Illuratum the ancestor, an orc warrior, a howler
monkey (catching breath), a jelly, a killer bee, an orc, a worker ant zombie and
a giant cockroach.

Vanquished Creatures
  Pikel (D:5)
  2 slaves (D:5)
  2 ice beasts
  2 phantoms (D:5)
  An orc warrior (D:6)
  2 ogres
  A centaur (D:6)
  A bullfrog (D:3)
  4 killer bees (D:7)
  2 wights (D:6)
  2 crimson imps
  Crazy Yiuf (D:4)
  A bullfrog skeleton (D:4)
  3 orc priests
  4 hounds
  Jessica (D:3)
  Terence (D:3)
  A worker ant (D:6)
  Natasha (thrice) (D:2)
  An iguana (D:5)
  An orc wizard (D:5)
  A hound zombie (D:6)
  A hound skeleton (D:4)
  3 gnolls (D:3)
  A howler monkey skeleton (D:5)
  7 adders
  An ooze (D:3)
  An adder zombie (D:6)
  2 worms (D:3)
  3 leopard geckos
  8 orcs
  A ball python (D:3)
  8 bats
  A giant cockroach (D:4)
  3 goblins
  9 hobgoblins
  9 jackals
  A quokka (D:3)
  4 frilled lizards
  A giant cockroach zombie (D:5)
  6 kobolds
  A leopard gecko skeleton (D:4)
  9 rats
  4 fungi (D:5)
  A plant (D:5)
123 creatures vanquished.

Vanquished Creatures (collateral kills)
  Grinder (D:4)
  Sigmund (D:2)
  An orc warrior (D:6)
  A centaur (D:7)
  A bullfrog (D:7)
  2 scorpions
  A wight (D:6)
  A howler monkey (D:5)
  2 crimson imps
  2 hounds
  An orc wizard (D:7)
  A shadow imp (D:6)
  A leopard gecko (D:4)
  5 orcs
  A ball python (D:4)
  3 jackals (D:6)
  A goblin (D:3)
  A plant (D:5)
27 creatures vanquished.

Vanquished Creatures (others)
  3 ancestors
  A quokka skeleton (D:5)
4 creatures vanquished.

Grand Total: 154 creatures vanquished

Notes
Turn   | Place    | Note
-------+----------+-------------------------------------------
     0 | D:1      | Mrkan the Minotaur Gladiator began the quest for the Orb.
     0 | D:1      | Reached XP level 1. HP: 18/18 MP: 0/0
   164 | D:1      | Reached XP level 2. HP: 24/25 MP: 1/1
   194 | D:1      | Reached skill level 4 in Axes
   215 | D:1      | Reached skill level 1 in Armour
   785 | D:1      | Reached XP level 3. HP: 29/30 MP: 2/2
  1168 | D:2      | Noticed Natasha
  1175 | D:2      | Killed Natasha
  1175 | D:2      | Reached skill level 1 in Shields
  1227 | D:2      | Found a blossoming altar of Fedhas.
  1227 | D:2      | Found a hazy altar of Hepliaklqana.
  1229 | D:2      | Noticed Natasha
  1245 | D:2      | Killed Natasha
  1245 | D:2      | Reached XP level 4. HP: 14/38 MP: 3/3
  1249 | D:2      | Became a worshipper of Hepliaklqana the Forgotten
  1542 | D:2      | Noticed Natasha
  1549 | D:2      | Killed Natasha
  1549 | D:2      | Reached skill level 5 in Axes
  1673 | D:2      | Noticed Sigmund
  1678 | D:2      | Killed Sigmund
  1678 | D:2      | Reached skill level 6 in Axes
  1678 | D:2      | Reached XP level 5. HP: 40/40 MP: 4/4
  1757 | D:3      | Reached XP level 6. HP: 45/45 MP: 5/5
  1780 | D:3      | Noticed Jessica
  1786 | D:3      | Killed Jessica
  1930 | D:3      | Found a glowing golden altar of the Shining One.
  1932 | D:3      | Found a glowing silver altar of Zin.
  1932 | D:3      | Found a white marble altar of Elyvilon.
  2139 | D:3      | Noticed Terence
  2143 | D:3      | Killed Terence
  2143 | D:3      | Reached skill level 5 in Shields
  2409 | D:4      | Reached skill level 7 in Axes
  2468 | D:4      | Reached XP level 7. HP: 51/51 MP: 6/6
  2471 | D:4      | Found an ornate altar of the Wu Jian Council.
  2493 | D:4      | Reached * piety under Hepliaklqana
  2497 | D:4      | Found a runed translucent door.
  2498 | D:4      | Noticed Crazy Yiuf
  2593 | D:4      | Found a stormy altar of Qazlal.
  2730 | D:4      | Noticed Grinder
  2744 | D:4      | Killed Grinder
  2744 | D:4      | Reached skill level 8 in Axes
  3027 | D:4      | Found a shimmering blue altar of Sif Muna.
  3141 | D:4      | Found a burning altar of Makhleb.
  3628 | D:4      | Killed Crazy Yiuf
  3628 | D:4      | Reached XP level 8. HP: 49/56 MP: 7/7
  3686 | D:5      | Entered Level 5 of the Dungeon
  3822 | D:5      | Reached skill level 9 in Axes
  3885 | D:5      | Found a staircase to the Ecumenical Temple.
  4024 | D:5      | Found a blossoming altar of Fedhas.
  4083 | D:5      | Noticed Pikel
  4122 | D:5      | Killed Pikel
  4122 | D:5      | Reached skill level 10 in Axes
  4683 | D:6      | Reached XP level 9. HP: 54/62 MP: 8/8
  4685 | D:6      | Reached skill level 11 in Axes
  5380 | D:6      | Reached skill level 12 in Axes
  5723 | D:7      | Reached skill level 13 in Axes
  5732 | D:7      | Slain by a killer bee

Illustrated notes

Levels and vault maps discovered:
D:1:      lightli_arrival_statue_moat, layout_basic
D:2:      layout_basic, grunt_temple_overflow_open, uniq_sigmund, uniq_natasha
D:3:      layout_rooms, good_gods_temple_1, uniq_terence, uniq_jessica
D:4:      minmay_chambers_of_twos, layout_rooms, lemuel_crystal_altar,
          nicolae_qazlal_general_emergency, makhleb_blood_cavern_becter,
          first_ration, led_sif_pool, uniq_crazy_yiuf_cottage, uniq_grinder
D:5:      layout_rooms, minmay_temple_entry_purple_smoke, serial_corexii_hall,
          corexii_hall_statues_deadend, corexii_hall_statues_i, fedhas_altar_3,
          uniq_pikel
D:6:      layout_rooms
D:7:      layout_rooms, lemuel_doored_altar, serial_park_tiny_pond

Skill      XL: |  1  2  3  4  5  6  7  8  9 |
---------------+----------------------------+-----
Axes           | 4 6 7 8 10 13 | 13.1
Armour         | 1 |  1.2
Fighting       | 3 |  3.0
Shields        | 2 4 5 7 9 |  9.0
Throwing       | |  2.0
Dodging        | |  3.5

Action                   |  1- 3 |  4- 6 |  7- 9 || total
-------------------------+-------+-------+-------++-------
Melee: War axe           |    68 |    76 |   277 ||   421
       Headbutt          |    12 |    13 |    49 ||    74
Invok: Ancestor Identity |       |     1 |       ||     1
  Use: Potion            |       |       |     6 ||     6
 Stab: Distracted        |       |       |     2 ||     2
  Eat: Chunk             |       |     5 |    10 ||    15
Armor: Leather armour    |    18 |       |       ||    18
       Plate armour      |    11 |    34 |   151 ||   196
Dodge: Dodged            |    22 |    11 |    62 ||    95
Block: Kite shield       |    39 |    41 |   158 ||   238
